 Dungeon Crawl Stone Soup version 0.25-a0-571-gb5e01bddfa (webtiles) character file.

Game seed: 8402673902569594922, levelgen mode: deterministic

3390 Flugslaktarn the Cleaver (level 9, -10/82 HPs)
             Began as a Deep Dwarf Fighter on Feb 29, 2020.
             Was a Believer of Makhleb.
             Mangled by a two-headed ogre
             ... wielding a +0 dire flail
              (15 damage)
             ... on level 8 of the Dungeon.
             The game lasted 00:02:21 (3112 turns).

Flugslaktarn the Cleaver (Deep Dwarf Fighter)       Turns: 3112, Time: 00:02:22

Health: -10/82     AC:  9    Str: 23      XL:     9   Next: 74%
Magic:  8/8        EV:  8    Int:  6 (9)  God:    Makhleb [**....]
Gold:   264        SH: 11    Dex: 11 (12) Spells: 8/8 levels left

rFire    + . .     SeeInvis .   a - +0 war axe
rCold    . . .     Gourm    .   c - +0 kite shield
rNeg     . . .     Faith    .   f - +2 scale mail {rF+}
rPois    .         Spirit   .   (no helmet)
rElec    .         Reflect  .   (no cloak)
rCorr    .         Harm     .   (no gloves)
MR       +....                  (no boots)
Stlth    ..........             (no amulet)
HPRegen  0.00/turn              (no ring)
MPRegen  0.11/turn              (no ring)

@: brilliant, non-regenerating
A: damage resistance, heal wounds, sense surroundings 2, no regeneration
a: Heal Wounds, Minor Destruction, Renounce Religion


You were on level 8 of the Dungeon.
You worshipped Makhleb.
Makhleb was pleased with you.
You were not hungry.

You visited 2 branches of the dungeon, and saw 9 of its levels.

You collected 264 gold pieces.

Inventory:

Hand Weapons
 a - a +0 war axe (weapon)
Missiles
 x - a throwing net (quivered)
Armour
 b - a +0 scale mail
 c - a +0 kite shield (worn)
 f - a +2 scale mail of fire resistance (worn)
   (You took it off Harold on level 8 of the Dungeon)
 s - the +1 scale mail of an ossuary {rC+}
   (You found it on level 5 of the Dungeon)

   It protects you from cold.
   If you switch to wearing this armour, your AC will decrease by 1 (9 -> 8).
Jewellery
 q - an uncursed amulet of magic regeneration {unknown}
   (You found it on level 5 of the Dungeon)
Scrolls
 g - a scroll of fog {unknown}
 i - a scroll of amnesia {unknown}
 k - a scroll of immolation {unknown}
 l - 7 scrolls of remove curse {unknown}
 n - a scroll of blinking {unknown}
 p - 3 scrolls of identify {unknown}
 r - 2 scrolls of teleportation {unknown}
 t - 2 scrolls of enchant weapon {unknown}
 u - a scroll of torment {unknown}
Potions
 d - a potion of might
 h - a potion of haste
 j - a potion of lignification
 m - 2 potions of mutation {unknown}
Comestibles
 e - 7 rations
 w - 15 chunks of flesh


   Skills:
 + Level 5.8 Fighting
 * Level 9.2 Axes
 + Level 7.0 Armour
 + Level 7.1 Shields
 + Level 6.9 Invocations


You had 8 spell levels left.
You didn't know any spells.
Your spell library was empty.

Dungeon Overview and Level Annotations

Branches:
Dungeon (8/15)             Temple (1/1) D:4
   Lair: D:8-11

Altars:
Ashenzari
Cheibriados
Dithmenos
Elyvilon
Fedhas
Gozag
Hepliaklqana
Kikubaaqudgha
Makhleb
Nemelex Xobeh
Okawaru
Qazlal
Ru
Sif Muna
Trog
Uskayaw
Vehumet
Wu Jian
Xom
Yredelemnul
Zin
The Shining One

Annotations:
D:6 exclusion: door


Innate Abilities, Weirdness & Mutations

You are resistant to damage.
You can heal yourself by infusing magical energy.
You passively map the area around you.
You do not regenerate.


Message History

The two-headed ogre is moderately wounded.
You closely miss the kobold. You block the kobold's attack.
A slime creature comes into view.
The two-headed ogre hits you with a +0 dire flail.
The two-headed ogre hits you with a +0 giant spiked club!
* * * LOW HITPOINT WARNING * * *
You fail to use your ability.
The slime creature quivers.
The two-headed ogre hits you with a +0 dire flail!
* * * LOW HITPOINT WARNING * * *
The two-headed ogre hits you with a +0 giant spiked club!
* * * LOW HITPOINT WARNING * * *
You block the kobold's attack.
You are too injured to fight recklessly!
You are too injured to fight recklessly!
You are too injured to fight recklessly!
You are too injured to fight recklessly!
You fail to use your ability.
The two-headed ogre hits you with a +0 dire flail!!
You die...

, ,
.......((.÷())..(..[.... ,
* ....#..÷#######.........
# #........##........... *
,, #####............:....
,
...#####.............>....
*
............(.###..<......
,
...######....#############
* * , ####.....#* * * , *
#..@...#...# , ,,
......##OK.###.# , #...#
*#KK.# , * , , ###, ,
...## * * * * , ....# * ,
, ,, .....J * , ** **
####.... ** * #.... , ,*
...... ,, ,,


You could see a slime creature, a two-headed ogre, a big kobold and 2 kobolds.

Vanquished Creatures
  Harold (D:8)
  A hippogriff (D:7)
  Grum (D:8)
  Menkaure (D:5)
  2 sky beasts
  2 ice beasts
  2 ogres (D:8)
  4 wolves (D:8)
  3 centaurs
  A big kobold (D:7)
  2 bullfrogs (D:7)
  2 scorpions
  2 howler monkeys (D:4)
  A crimson imp (D:6)
  2 bullfrog zombies
  A quasit (D:8)
  An orc priest (D:5)
  A centaur skeleton (D:7)
  3 hounds
  A bullfrog skeleton (D:5)
  An iguana (D:8)
  3 orc wizards
  8 worker ants
  A killer bee zombie (D:8)
  A howler monkey zombie (D:5)
  9 adders
  3 gnolls (D:4)
  An adder zombie (D:6)
  A worm (D:5)
  A dart slug (D:4)
  A leopard gecko (D:7)
  7 orcs
  4 giant cockroaches
  A hobgoblin (D:3)
  3 jackals (D:5)
  3 quokkas
  3 ball pythons
  2 frilled lizards
  5 goblins (D:3)
  A jackal skeleton (D:5)
  2 kobolds (D:7)
  A leopard gecko zombie (D:6)
  2 quokka skeletons (D:5)
  A quokka zombie (D:7)
  2 rats
101 creatures vanquished.

Notes
Turn   | Place    | Note
-------+----------+-------------------------------------------
     0 | D:1      | Flugslaktarn the Deep Dwarf Fighter began the quest for the
                  | Orb.
     0 | D:1      | Reached XP level 1. HP: 20/20 MP: 1/1
   180 | D:2      | Reached XP level 2. HP: 24/27 MP: 2/2
   281 | D:3      | Reached skill level 3 in Axes
   281 | D:3      | Reached XP level 3. HP: 22/33 MP: 3/3
   377 | D:4      | Found a blossoming altar of Fedhas.
   399 | D:4      | Found a staircase to the Ecumenical Temple.
   408 | D:4      | Noticed a scorpion
   415 | D:4      | Killed a scorpion
   415 | D:4      | Reached XP level 4. HP: 37/42 MP: 4/4
   419 | Temple   | Entered the Ecumenical Temple
   515 | Temple   | Became a worshipper of Makhleb the Destroyer
   569 | D:4      | Reached skill level 4 in Axes
   569 | D:4      | Reached skill level 1 in Invocations
   569 | D:4      | Reached XP level 5. HP: 44/49 MP: 4/4
   716 | D:4      | Found a shadowy altar of Dithmenos.
   716 | D:4      | Found a faded altar of an unknown god.
   721 | D:4      | Found a radiant altar of Vehumet.
   723 | D:4      | Found a basalt altar of Yredelemnul.
   725 | D:4      | Found a faded altar of an unknown god.
  1018 | D:5      | Entered Level 5 of the Dungeon
  1024 | D:5      | Reached XP level 6. HP: 50/56 MP: 6/6
  1142 | D:5      | Reached * piety under Makhleb
  1142 | D:5      | Reached skill level 5 in Axes
  1206 | D:5      | Noticed Menkaure
  1225 | D:5      | Killed Menkaure
  1225 | D:5      | Reached XP level 7. HP: 63/63 MP: 5/7
  1492 | D:5      | Got a spiked scale mail
  1503 | D:5      | Identified the +1 scale mail of an ossuary {rC+} (You found
                  | it on level 5 of the Dungeon)
  1651 | D:6      | Reached skill level 5 in Shields
  1753 | D:6      | Reached skill level 5 in Armour
  1798 | D:6      | Found a shimmering blue altar of Sif Muna.
  1849 | D:6      | Reached skill level 6 in Axes
  1867 | D:6      | Found a sparkling altar of Nemelex Xobeh.
  1869 | D:6      | Found a glowing golden altar of the Shining One.
  1869 | D:6      | Found a shattered altar of Ashenzari.
  2356 | D:7      | Reached XP level 8. HP: 58/73 MP: 7/9
  2438 | D:7      | Noticed a hippogriff
  2447 | D:7      | Killed a hippogriff
  2447 | D:7      | Reached skill level 7 in Axes
  2731 | D:7      | Reached skill level 5 in Invocations
  2859 | D:8      | Found an opulent altar of Gozag.
  2874 | D:8      | Reached ** piety under Makhleb
  2874 | D:8      | Reached skill level 5 in Fighting
  2899 | D:8      | Noticed Harold
  2930 | D:8      | Gained mutation: You passively map the area around you.
                  | [Deep Dwarf growth]
  2930 | D:8      | Reached XP level 9. HP: 48/81 MP: 9/9
  2931 | D:8      | Reached skill level 8 in Axes
  2945 | D:8      | Killed Harold
  2999 | D:8      | Noticed Grum
  3024 | D:8      | Reached skill level 9 in Axes
  3041 | D:8      | Killed Grum
  3103 | D:8      | Noticed a two-headed ogre
  3112 | D:8      | Mangled by a two-headed ogre

Levels and vault maps discovered:
D:1:      heliophobic_arrival_enchanted_forest, layout_basic
D:2:      layout_basic, first_ration
D:3:      gammafunk_steamed_eel, layout_basic, minmay_strange_pillars,
          nicolae_ashenzari_panopticon
D:4:      layout_gridville, chequers_temple_overflow_minitemple,
          minmay_temple_entry_statues_pillars, fedhas_altar_3
D:5:      layout_rooms, uniq_menkaure
D:6:      layout_loops_corners, grunt_temple_overflow_open, led_sif_book
D:7:      layout_cave_pools
D:8:      cheibrodos_barr_body, layout_rooms, basic_altar, ebering_ghost_gozag,
          uniq_harold, uniq_grum
Temple:   eino_temple_rhombus

Skill      XL: |  1  2  3  4  5  6  7  8  9 |
---------------+----------------------------+-----
Axes           | 3 4 5 6 7 9 |  9.2
Fighting       | 3 4 5 |  5.8
Shields        | 4 5 6 7 |  7.1
Armour         | 4 5 6 7 |  7.0
Invocations    | 1 3 4 5 6 |  6.9

Action                   |  1- 3 |  4- 6 |  7- 9 || total
-------------------------+-------+-------+-------++-------
Melee: War axe           |    42 |   116 |   301 ||   459
 Abil: Heal Wounds       |     1 |     6 |    13 ||    20
  Use: Potion            |       |       |     5 ||     5
  Eat: Chunk             |       |     1 |     7 ||     8
Armor: Scale mail        |    19 |    48 |   130 ||   197
       Skin              |       |       |    16 ||    16
Dodge: Dodged            |    15 |    30 |   115 ||   160
Block: Kite shield       |    23 |    86 |   210 ||   319

Table legend:
 A = Non-vault XP
 B = Vault XP
 C = Vault XP percentage of total XP
 D = Non-vault monster count
 E = Vault monster count
 F = Vault count percentage of total count
                 A         B        C        D         E       F
            +---------+---------+-------+---------+---------+-------
      Total |    2967 |    1877 |  38.7 |      94 |       7 |   6.9
            +---------+---------+-------+---------+---------+-------
        D:1 |       1 |       0 |   0.0 |       1 |       0 |   0.0
        D:2 |      18 |       0 |   0.0 |       4 |       0 |   0.0
        D:3 |      32 |       0 |   0.0 |      11 |       0 |   0.0
        D:4 |     323 |       0 |   0.0 |      14 |       0 |   0.0
        D:5 |     404 |     172 |  29.9 |      26 |       1 |   3.7
        D:6 |     391 |       0 |   0.0 |       9 |       0 |   0.0
        D:7 |     994 |       0 |   0.0 |      19 |       0 |   0.0
        D:8 |     804 |    1705 |  68.0 |      10 |       6 |  37.5
            +---------+---------+-------+---------+---------+-------
